 BcadrenCrawl: Boulder Brew version 0.06-744-gf22570f5e0 (webtiles) character file.

Game seed: 13308454220012781465

1142 LabCoat the Cleaver (level 8, -7/148 HPs) Hill Orc Fighter. Began on Mar 5, 2023. Mangled by a slime creature (14 damage) ... on level 2 of the Dungeon. The game lasted 00:27:31 (4049 turns).

LabCoat the Cleaver (Hill Orc Fighter)              Turns: 4049, Time: 00:27:32

Health: -7/148     AC:  7    Str: 31    XL:     8 ^: 721
Magic:  0/8        EV:  9    Int:  8    God:
Gold:   304        SH:  7    Dex: 10    Spells: 7/7 levels left

rFire    . . .     Slash    .   a - +0 war axe
rCold    . . .     Pierce   .   c - +0 heater shield
rNeg     . . .     Bludgeon .   b - +0 scale mail
rCorr    . . .     Vision   .   (no helmet)
rPois    +         Gourm    .   (no cloak)
rElec    .         Faith    .   (no gloves)
MR       .....     Spirit   +   (no boots)
HPRegen  0.59/turn Reflect  .   q - amulet of guardian spirit
MPRegen  0.18/turn Harm     .   m - ring of strength
Stlth    ..........             n - ring of poison resistance

@: berserking, very quick
A: soft flesh
a: no special abilities


You were on level 2 of the Dungeon.
You were not hungry.

You visited 1 branch of the dungeon, and saw 2 of its levels.

You collected 304 gold pieces.

Inventory:

Weapons
 a - a +0 war axe (weapon)
 e - a +0 spear
 o - a +2 morningstar of pain Shields
 c - a +0 heater shield (shield)
Armour
 b - a +0 scale mail (worn)
Jewellery
 h - an uncursed ring of resist corrosion
 j - a cursed amulet of faith {(Curse: rF-)}
 m - a ring of strength (left hand)
 n - a ring of poison resistance (right hand)
 q - an amulet of guardian spirit (around neck)
 r - an uncursed ring of stealth
 u - an uncursed ring of evasion
 w - a cursed ring of fire {(Curse: MP-9)}
Scrolls
 g - a scroll of attention
 l - 4 scrolls of random uselessness
Potions
 i - 2 potions of mutation
 k - a potion of brilliance
 v - a potion of cure mutation
Miscellaneous
 t - 6 empty bottles
Comestibles
 f - 3 rations
 x - 3 chunks of flesh


   Skills:
 * Level 6.6 Fighting
 * Level 8.6 Axes & Hammers
 + Level 6.0 Armour
 - Level 1.5 Dodging
 + Level 4.1 Shields


You had 7 spell levels left.
You didn't know any spells.
Your spell library was empty.

Dungeon Overview and Level Annotations

Branches:
Dungeon (2/8)

Altars:
Ashenzari


Innate Abilities, Weirdness & Mutations

((Your soft flesh is weak to deep cuts.
Heavy manmade armour will nullify this weakness. (rSlashing-)))


Message History

The slime creature hits you (9)!
* * * LOW HITPOINT WARNING * * *
A red film seems to cover your vision as you go berserk!
You feel yourself moving faster!
You feel mighty! You block the slime creature's attack.
You hit the slime creature (4).
It resists.
The slime creature is lightly wounded. (61/65) HP The slime creature barely misses you.
You hit the slime creature (3).
It resists.
The slime creature is lightly wounded. (59/65) HP The slime creature hits you (8)!
* * * LOW HITPOINT WARNING * * *
You hit the slime creature (2).
It resists.
The slime creature is lightly wounded. (58/65) HP The slime creature hits you (9)!
* * * LOW HITPOINT WARNING * * *
You hit the slime creature (2).
It resists.
The slime creature is lightly wounded. (57/65) HP You hit the ooze but do no damage.
The slime creature hits you (16)!
You die...

#...≈## #.≈≈.b.##.....÷.....
#..### #.≈≈.≈≈###..........
#≈.≈≈# #≈≈≈..≈≈#.....b.....
##.≈≈# #≈≈≈≈.≈##...........
###..# #≈≈≈...##≈..........
##≈≈.##################≈≈≈.......
#≈######≈≈≈≈≈≈≈≈≈≈≈≈≈#####.≈.....
#####≈≈≈≈.≈≈.≈≈≈.≈≈..≈≈≈####≈....
###≈≈≈)..≈...≈⌠≈@..≈....≈≈####.≈.
#≈≈≈..≈≈≈....≈≈JJ...≈≈≈...≈.####≈
≈≈....≈⌠≈.....≈.....≈⌠≈.....≈≈###
......≈≈≈....≈.≈....≈≈≈......≈≈##
...≈≈≈...≈≈≈≈...≈≈≈≈...≈≈≈....≈#
≈≈≈÷..≈.≈....≈≈≈....≈.b...≈≈≈.≈#
≈⌠≈....≈.b...≈8≈.....≈..≈.≈⌠≈.≈#
≈≈≈[..≈.≈....≈≈≈....≈.≈...≈≈≈.≈#
b.)≈≈≈...≈≈≈≈...≈≈≈≈...≈≈≈....≈#


You could see a slime creature and a submerged ooze.

Vanquished Creatures
  A water moccasin (D:2)
  Purgy (D:2)
  A crocodile (D:2)
  2 big kobolds (D:2)
  4 jellies (D:2)
  2 gnoll shamans (D:2)
  7 giant cockroaches
  4 adders (D:2)
  32 sewer rats (D:2)
  5 oozes (D:2)
  3 worms (D:2)
  7 cinder newts
  A dart slug (D:1)
  8 leopard geckos
  A ball python (D:1)
  3 cinder newt skeletons (D:2)
  6 goblins (D:1)
  9 hobgoblins (D:1)
  A ball python skeleton (D:2)
  8 bats
  A goblin skeleton (D:2)
  4 kobolds
  8 rats
  10 withered plants (D:2)
129 creatures vanquished.

Vanquished Creatures (others)
  A crocodile (D:2)
  3 jellies (D:2)
  2 gnoll shamans (D:2)
  3 giant cockroaches (D:2)
  A sewer rat (D:2)
  2 bullfrogs (D:2)
  4 oozes (D:2)
  A leopard gecko (D:2)
  7 kobolds (D:2)
  A bat (D:2)
  A goblin skeleton (D:2)
  12 giant blowflies (D:2)
  7 slimeheads (D:2)
  106 withered plants (D:2)
151 creatures vanquished.

Grand Total: 280 creatures vanquished

Notes
Turn   | Place    | Note
-------+----------+-------------------------------------------
     0 | D:1      | LabCoat the Hill Orc Fighter began the quest for the Orb.
     0 | D:1      | Reached XP level 1. HP: 29/29 MP: 1/1
    74 | D:1      | Reached XP level 2. HP: 35/39 MP: 2/2
    76 | D:1      | Reached skill level 3 in Axes & Hammers
   143 | D:1      | Reached XP level 3. HP: 48/49 MP: 3/3
   500 | D:1      | Reached XP level 4. HP: 59/59 MP: 4/4
   530 | D:1      | Reached skill level 4 in Axes & Hammers
   830 | D:1      | Found a shattered altar of Ashenzari.
  1092 | D:1      | Reached XP level 5. HP: 69/69 MP: 5/5
  1283 | D:1      | Reached skill level 5 in Axes & Hammers
  1575 | D:2      | Reached skill level 5 in Fighting
  1576 | D:2      | Reached XP level 6. HP: 61/79 MP: 3/6
  1727 | D:2      | Noticed a water moccasin
  1737 | D:2      | Killed a water moccasin
  1737 | D:2      | Reached skill level 6 in Axes & Hammers
  1737 | D:2      | Reached skill level 5 in Armour
  1839 | D:2      | Reached skill level 1 in Dodging
  1843 | D:2      | Reached XP level 7. HP: 63/89 MP: 5/7
  2616 | D:2      | Reached skill level 7 in Axes & Hammers
  3290 | D:2      | Noticed Purgy
  3290 | D:2      | Noticed a komodo dragon
  3424 | D:2      | Reached XP level 8. HP: 45/99 MP: 6/8
  3448 | D:2      | Reached skill level 8 in Axes & Hammers
  3937 | D:2      | Killed Purgy
  4048 | D:2      | HP: 6/148 [slime creature (9)]
  4049 | D:2      | Mangled by a slime creature

Illustrated notes

Levels and vault maps discovered:
D:1:      psy_arrival_dodecagon, layout_basic, ashenzari_altar_1,
          gup_sewer_entry_pipe
D:2:      minmay_clustersquares, layout_sewer, bcadren_sewer_center_circle

Skill      XL: |  1  2  3  4  5  6  7  8 |
---------------+-------------------------+-----
Fighting       | 4 5 6 |  6.6
Axes & Hammers | 3 4 5 6 7 8 |  8.6
Armour         | 4 5 6 |  6.0
Dodging        | 1 |  1.5
Shields        | 4 |  4.1

Action                   |  1- 3 |  4- 6 |  7- 9 || total
-------------------------+-------+-------+-------++-------
Melee: War axe           |    31 |   105 |   207 ||   343
Throw: Skull             |       |     4 |     9 ||    13
       Stone             |       |     3 |    21 ||    24
       Bone              |       |     2 |    18 ||    20
       Rusty metal       |       |     1 |     9 ||    10
  Use: Potion            |       |     1 |     5 ||     6
       Scroll            |       |       |     2 ||     2
  Eat: Chunk             |       |     3 |     8 ||    11
Armor: Scale mail        |     8 |    73 |    89 ||   170
       Skin              |       |       |    27 ||    27
Dodge: Dodged            |     5 |    33 |    46 ||    84
Block: Heater shield     |    10 |    46 |    92 ||   148
